 Dungeon Crawl Stone Soup version 0.31-a0-430-gf8416d752b (webtiles) character file.

Game seed: 13186955819701575114

94 Ethylacetat the Changeling (level 4, 0/23 HPs)
             Began as a Vine Stalker Shapeshifter on July 31, 2023.
             Splashed by a jelly's acid (8 damage)
             ... on level 4 of the Dungeon.
             The game lasted 00:02:11 (1439 turns).

Ethylacetat the Changeling (VSSh)                   Turns: 1439, Time: 00:02:12

Health: 0/23       AC: -3    Str: 18    XL:     4   Next: 63%
Magic:  0/5        EV: 12    Int:  8    God:
Gold:   89         SH:  5    Dex: 16    Spells: 3/3 levels left

rFire   . . .        p - +2 short sword (protect)
rCold   . . .        (no shield)
rNeg    . . .        a - +0 animal skin
rPois   .            (helmet currently unavailable)
rElec   .            (cloak currently unavailable)
rCorr   .            (gloves currently unavailable)
SInv    +            (boots currently unavailable)
Will    .....        n - amulet of reflection
Stlth   +            g - ring of see invisible
HPRegen 1.03/turn    (no ring)
MPRegen 0.09/turn

%: reflection, guardian spirit
@: beast-form, corroded, under a protective aura
A: beast (slay +2), fangs 2, regeneration 1, magic shield, antimagic bite, no
potion heal 2
a: Begin Untransformation


You were on level 4 of the Dungeon.
You were a hulking beast.
You visited 1 branch of the dungeon, and saw 4 of its levels.

You collected 89 gold pieces.

Inventory:

Hand Weapons
 p - a +2 short sword of protection (weapon)
Armour
 a - a +0 animal skin (worn)
Jewellery
 g - a ring of see invisible (left hand)
 n - an amulet of reflection (around neck)
Talismans
 c - a beast talisman (active)
Scrolls
 d - a scroll of blinking {unknown}
 h - 2 scrolls of vulnerability {unknown}
 i - 2 scrolls of teleportation {unknown}
 k - 2 scrolls of enchant armour {unknown}
 m - a scroll of torment {unknown}
 o - 3 scrolls of identify {unknown}
 r - a scroll of immolation {unknown}
Potions
 b - 2 potions of lignification
 e - 2 potions of haste {unknown}
 f - a potion of might {unknown}
 j - a potion of mutation {unknown}
 l - a potion of resistance {unknown}
 q - 3 potions of heal wounds {unknown}
 s - a potion of curing {unknown}


   Skills:
 + Level 2.0 Fighting
 - Level 1.8 Dodging
 + Level 3.6 Unarmed Combat
 * Level 3.7 Shapeshifting


You had 3 spell levels left.
You didn't know any spells.
Your spell library was empty.

Dungeon Overview and Level Annotations

Branches:
Dungeon (4/15)
 Temple: D:4-7

Altars:
Trog


Innate Abilities, Weirdness & Mutations

You are a hulking beast.
Your limbs bulge with bestial killing power. (Slay +2)
You have extremely sharp teeth.
Your natural rate of healing is unusually fast.
When hurt, damage is shared between your health and your magic reserves.
Your bite disrupts and absorbs the magic of your enemies.
Potions cannot restore your health.


Message History

No target in view!
No target in view!
r - a scroll labelled PUBALO QOMPA No target in view!
No target in view!
No target in view!
s - a red potion No target in view!
No target in view!
q - 3 green potions (gained 1)
You see here a +1 pair of boots.
No target in view!
No target in view!
No target in view!
Key pressed, stopping explore.
No target in view!
No target in view!
No target in view!
Found a scale mail.
No target in view!
No target in view!
No target in view!
A jelly comes into view.
Found a stone staircase leading up.
The jelly quivers.
You block the jelly's attack.
You hit the jelly.
Your weapon exudes an aura of protection.
The acid corrodes you!
Your hands burn!
The jelly is moderately wounded.
The jelly closely misses you.
You hit the jelly but do no damage. The acid corrodes you!
Your hands burn!
You bite the jelly, but do no damage.
The jelly is moderately wounded.
The jelly hits you. The acid corrodes you!
You are splashed with acid!
You hit the jelly but do no damage.
Your hands burn!
You bite the jelly, but do no damage.
The jelly is moderately wounded.
The jelly hits you.
You are splashed with acid!
You die...

................#...#
..........^.....#...#
##..............#...# .
.#..................# ..
#.##.....#######.#+##<..
.#.#.....# #.......#
.###.....# #.......#
.........# #.......#
.........# #h......#
.........# #J......#
.........# #.......#
.........# #.......#
########## #########


You could see a jelly.

Vanquished Creatures
  3 adders
  3 dart slugs (D:1)
  2 orcs
  7 endoplasms
  4 giant cockroaches
  7 goblins
  6 hobgoblins
  3 quokkas
  4 ball pythons
  8 bats
  4 frilled lizards
  4 kobolds
  2 rats (D:1)
57 creatures vanquished.

Notes
Turn   | Place    | Note
-------+----------+-------------------------------------------
     0 | D:1      | Ethylacetat the Vine Stalker Shapeshifter began the quest
                  | for the Orb.
     0 | D:1      | Reached XP level 1. HP: 9/9 MP: 2/2
    61 | D:1      | Reached skill level 1 in Fighting
    76 | D:1      | Reached XP level 2. HP: 10/14 MP: 1/3
   324 | D:1      | Reached XP level 3. HP: 18/18 MP: 4/4
   646 | D:2      | You fall into a shaft and drop 2 floors!
   967 | D:3      | Found a bloodstained altar of Trog.
  1129 | D:3      | Gained mutation: Your natural rate of healing is unusually
                  | fast. [Vine Stalker growth]
  1129 | D:3      | Reached XP level 4. HP: 23/23 MP: 5/5
  1439 | D:4      | Splashed by a jelly's acid

Illustrated notes

Levels and vault maps discovered:
D:1:      lightli_arrival_isolated_outpost, layout_rooms
D:2:      layout_basic, basic_ecumenical_altar, basic_altar
D:3:      layout_rooms, old_standard_altar
D:4:      layout_gridville, mainiacjoe_overflow_six_doors_small, minmay_vboxes

Skill      XL: |  1  2  3  4 |
---------------+-------------+-----
Fighting       | 1 2 |  2.0
Dodging        | |  1.8
Unarmed Combat | |  3.6
Shapeshifting  | |  3.7

Action                     |  1- 3 |  4- 6 || total
---------------------------+-------+-------++-------
  Melee: Unarmed           |    64 |       ||    64
         Bite              |    17 |     5 ||    22
         Punch             |     3 |       ||     3
         Short sword       |    19 |    32 ||    51
 Armour: Animal skin       |    10 |    15 ||    25
  Dodge: Dodged            |    51 |    28 ||    79
  Block: Other             |     9 |     8 ||    17
         Reflection        |     1 |       ||     1

Table legend: (Time is in decaauts)
 A = Elapsed time spent in this place.
 B = Non-inter-level travel time spent in this place.
 C = Inter-level travel time spent in this place.
 D = Time resting spent in this place.
 E = Time spent auto-exploring this place.
 F = Levels seen in this place.
 G = Mean time per level.
                   A        B        C        D        E       F      G
               +--------+--------+--------+--------+--------+-----+--------+
         Total |   1441 |   1378 |     63 |      0 |   1055 |   4 |  360.2 |
       Dungeon |   1441 |   1378 |     63 |      0 |   1055 |   4 |  360.2 |
               +--------+--------+--------+--------+--------+-----+--------+

Top non-repeatable levels by time:
     D:1: 652 daAuts
     D:3: 528 daAuts
     D:4: 261 daAuts
